 Dungeon Crawl Stone Soup version 0.17.0-27-g4a3f43e (webtiles) character file.

5116 JudasIscariot the Nimble (level 10, -15/98 HPs)
             Began as a Troll Fighter on Nov 21, 2015.
             Was a High Priest of Okawaru.
             Demolished by a warg (16 damage)
             ... on level 10 of the Dungeon.
             The game lasted 00:17:52 (6225 turns).

JudasIscariot the Nimble (Troll Fighter)            Turns: 6225, Time: 00:17:55

Health: -15/98     AC: 10    Str: 29    XL:     10   Next: 32%
Magic:  9/9        EV: 11    Int:  9    God:    Okawaru [*****.]
Gold:   215        SH:  0    Dex:  9    Spells: 0 memorised, 9 levels left

rFire  . . .     SeeInvis .     M - +1 flail (holy)
rCold  + . .     Clarity  .     b - +0 robe
rNeg   . . .     SustAt   .     c - +0 shield
rPois  +         Gourm    +     n - +2 hat
rElec  .         Spirit   .     H - +2 cloak
rCorr  .         Warding  .     (gloves unavailable)
rMut   .         Stasis   .     (boots unavailable)
MR     +....                    (no amulet)
Stlth  +.........               w - ring of protection from magic
                                l - ring of poison resistance

@: confused, brilliant, somewhat resistant to hostile enchantments, very
unstealthy
A: unfitting armour, claws 3, cold resistance 1, fast metabolism 3, gourmand,
regeneration 2, shaggy fur 1, tough skin 2
a: Heroism, Finesse, Renounce Religion


You were on level 10 of the Dungeon.
You worshipped Okawaru.
Okawaru was extremely pleased with you.
You were very full.

You visited 1 branch of the dungeon, and saw 10 of its levels.

You collected 413 gold pieces.
You spent 198 gold pieces at shops.

Inventory:

Hand Weapons
 a - a +0 flail
 J - a +3 dire flail
 L - a +2 whip of electrocution
 M - a +1 flail of holy wrath (weapon)
Armour
 b - a +0 robe (worn)
 c - a +0 shield (worn)
 n - a +2 hat (worn)
 H - a +2 cloak (worn)
 Q - a +0 large shield
Jewellery
 l - a ring of poison resistance (left claw)
 m - a +2 ring of evasion {unknown}
 w - a ring of protection from magic (right claw)
Wands
 t - a wand of flame (36)
 y - a wand of random effects (18)
 K - a wand of disintegration (10)
 O - a wand of random effects (16)
Scrolls
 f - 15 scrolls of identify {unknown}
 g - 3 scrolls of remove curse
 h - a scroll of fog {unknown}
 i - 2 scrolls of amnesia {unknown}
 j - 2 scrolls of noise {unknown}
 k - 2 scrolls of recharging {unknown}
 p - 3 scrolls of enchant armour {unknown}
 q - 2 scrolls of teleportation {unknown}
 u - a scroll of enchant weapon {unknown}
 x - 2 scrolls of fear {unknown}
 E - 2 scrolls of magic mapping {unknown}
 I - a scroll of immolation {unknown}
Potions
 d - a potion of invisibility {unknown}
 o - a potion of magic
 v - a potion of curing {unknown}
 A - a potion of resistance {unknown}
 B - a potion of ambrosia
 C - a potion of lignification {unknown}
 F - 2 potions of brilliance
 G - a potion of poison {unknown}
 P - a potion of haste
Comestibles
 e - 9 bread rations
 r - 9 slices of pizza
 s - 5 meat rations
 z - 3 royal jellies
 D - 5 beef jerkies
 N - a chunk of flesh


   Skills:
 * Level 5.9 Fighting
 * Level 6.0 Maces & Flails
 * Level 4.3 Throwing
 * Level 8.9 Dodging
 + Level 1.0 Stealth
 + Level 4.8 Shields


You had 9 spell levels left.
You didn't know any spells.

Dungeon Overview and Level Annotations

Branches:
Dungeon (10/15)            Temple (0/1) D:4             Orc (0/4) D:9
   Lair: D:8-11

Altars:
Fedhas
Nemelex Xobeh
Okawaru

Shops:
D:5 [


Innate Abilities, Weirdness & Mutations

You are too large for most types of armour.
You have claws for hands.
Your metabolism is lightning-fast.
You like to eat raw meat.
You heal very quickly.
You are covered in fur (AC +1).
You have very tough skin (AC +2).
Your flesh is cold resistant.


Message History

You feel blessed for a moment.
It was a scroll of remove curse.
The orc wizard hits you but does no damage.
You block the warg's attack. You block the orc wizard's attack.
The warg closely misses you.
Drink which item? (? for menu, Esc to quit)
It was a potion of brilliance.
You feel clever all of a sudden. The warg bites you.
* * * LOW HITPOINT WARNING * * *
The orc wizard barely misses you. You block the warg's attack.
You block the warg's attack.
Drink which item? (? for menu, Esc to quit)
It was a potion of ambrosia.
You are confused.
You feel invigorated. The orc wizard hits you with a dagger.
* * * LOW HITPOINT WARNING * * *
The warg bites you!
* * * LOW HITPOINT WARNING * * *
The warg bites you!
You die...

########+#
#......o.#
#....h@..#
#......h.#
#........#
##########


You could see 2 wargs and an orc wizard.

Vanquished Creatures
  The ghost of dvd the Protected, a novice DDFi of Makhleb (D:9)
  Pikel (D:7)
  Grinder (D:5)
  Prince Ribbit (D:8)
  The ghost of Alethiolet the Chiller, an amateur MfIE of Fedhas (D:4)
  A hog (D:7)
  A human (D:7)
  3 sky beasts
  An ice beast (D:5)
  An ogre (D:4)
  4 orc warriors
  A phantom (D:4)
  A centaur (D:6)
  A crocodile (D:8)
  9 killer bees
  2 giant frogs
  A wyvern skeleton (D:6)
  3 scorpions
  3 wights (D:8)
  2 jellies
  A centaur skeleton (D:3)
  A crimson imp (D:8)
  A centaur zombie (D:6)
  5 hounds
  A giant frog zombie (D:8)
  A quasit (D:8)
  A giant frog skeleton (D:8)
  6 orc wizards
  Ijyb (D:3)
  5 worker ants
  2 iguanas
  6 orc priests
  A killer bee zombie (D:8)
  3 sheep (D:7)
  A hound skeleton (D:8)
  A worker ant zombie (D:8)
  Robin (D:2)
  5 adders
  3 oozes
  2 worms (D:2)
  An adder skeleton (D:4)
  A giant gecko (D:5)
  16 orcs
  10 bats
  6 giant cockroaches
  10 hobgoblins
  3 jackals (D:1)
  5 kobolds
  3 quokkas
  A ball python (D:1)
  8 giant newts
  9 goblins
  A jackal zombie (D:7)
  7 rats
  A plant (D:7)
169 creatures vanquished.

Vanquished Creatures (others)
  3 slaves (D:7)
  2 electric eels (D:7)
  A crimson imp (D:7)
  An orc (D:7)
  2 rats (D:1)
  A plant (D:7)
10 creatures vanquished.

Grand Total: 179 creatures vanquished

Notes
Turn   | Place    | Note
--------------------------------------------------------------
     0 | D:1      | JudasIscariot the Troll Fighter began the quest for the Orb.
     0 | D:1      | Reached XP level 1. HP: 22/22 MP: 0/0
   346 | D:1      | Reached XP level 2. HP: 22/29 MP: 1/1
   529 | D:1      | Found a sparkling altar of Nemelex Xobeh.
  1183 | D:2      | Reached XP level 3. HP: 36/36 MP: 2/2
  1297 | D:2      | Reached skill level 3 in Dodging
  1497 | D:3      | Noticed Robin
  1528 | D:2      | Killed Robin
  1528 | D:2      | Reached XP level 4. HP: 33/44 MP: 3/3
  1574 | D:3      | Noticed Ijyb
  1583 | D:3      | Killed Ijyb
  1659 | D:3      | Found a sparkling altar of Nemelex Xobeh.
  1723 | D:3      | Found an iron altar of Okawaru.
  1738 | D:3      | Became a worshipper of Warmaster Okawaru
  1919 | D:3      | Reached XP level 5. HP: 49/52 MP: 4/4
  1986 | D:3      | Reached skill level 1 in Throwing
  2133 | D:4      | Noticed Alethiolet's ghost (amateur MfIE)
  2160 | D:4      | Killed Alethiolet's ghost
  2160 | D:4      | Reached skill level 4 in Dodging
  2160 | D:4      | Reached XP level 6. HP: 25/61 MP: 5/5
  2275 | D:4      | Found a staircase to the Ecumenical Temple.
  2501 | D:4      | Noticed a phantom
  2524 | D:4      | Killed a phantom
  2524 | D:4      | Reached * piety under Okawaru
  2552 | D:4      | Noticed an ogre
  2559 | D:4      | Killed an ogre
  2559 | D:4      | Reached skill level 5 in Dodging
  2559 | D:4      | Reached XP level 7. HP: 31/67 MP: 6/6
  2683 | D:5      | Entered Level 5 of the Dungeon
  2901 | D:5      | Found Icwuxeg's Armour Boutique.
  2910 | D:5      | Bought a +2 cloak for 198 gold pieces
  2945 | D:5      | Noticed Grinder
  2975 | D:5      | Killed Grinder
  2975 | D:5      | Reached ** piety under Okawaru
  3378 | D:6      | Found a blossoming altar of Fedhas.
  3566 | D:6      | Reached XP level 8. HP: 78/78 MP: 7/7
  3892 | D:6      | Reached skill level 6 in Dodging
  4489 | D:7      | Noticed Pikel
  4511 | D:7      | Killed Pikel
  4511 | D:7      | Reached *** piety under Okawaru
  4511 | D:7      | Reached skill level 5 in Maces & Flails
  4511 | D:7      | Reached XP level 9. HP: 28/87 MP: 6/8
  4523 | D:7      | Reached skill level 7 in Dodging
  4540 | D:7      | Reached skill level 5 in Fighting
  4756 | D:7      | Reached **** piety under Okawaru
  4863 | D:7      | HP: 1/88 [electric eel/bolt of electricity (7)]
  5259 | D:8      | Gained mutation: Your flesh is cold resistant. [mutagenic meat]
  5276 | D:8      | Reached skill level 8 in Dodging
  5477 | D:8      | Noticed Prince Ribbit
  5519 | D:8      | Reached skill level 1 in Stealth
  5745 | D:8      | Killed Prince Ribbit
  5745 | D:8      | Reached ***** piety under Okawaru
  5745 | D:8      | Reached XP level 10. HP: 81/96 MP: 9/9
  6124 | D:9      | Found a staircase to the Orcish Mines.
  6125 | D:9      | Noticed dvd's ghost (novice DDFi)
  6146 | D:9      | Killed dvd's ghost
  6222 | D:10     | Entered Level 10 of the Dungeon
  6225 | D:10     | HP: 1/98 [warg (7)]
  6225 | D:10     | Demolished by a warg

Action                   |  1- 3 |  4- 6 |  7- 9 | 10-12 || total
-------------------------+-------+-------+-------+-------++-------
Melee: Flail             |   133 |   138 |   360 |    80 ||   711
       Whip              |       |       |   169 |    17 ||   186
Invok: Heroism           |       |       |     1 |       ||     1
  Use: Potion            |       |     3 |       |     2 ||     5
       Scroll            |       |       |       |     1 ||     1
 Stab: Sleeping          |     1 |       |       |       ||     1
       Distracted        |       |       |     1 |       ||     1
  Eat: Chunk             |    18 |    11 |    32 |     5 ||    66
